AoeStats
← El Fantasma de Pancho Villa

Black Forest

506485976Analyzed
4v4 RM · 19d ago on Sep 13, 2026· 49m 6s· 8 players
Game mode
Random Map
Map size
Large (8 player)
Population
200
Speed
Normal
Resources
Standard
Victory
Conquest
Starting age
Dark Age
Ending age
Imperial Age
RankedLock teamsTeams togetherTeam positionsShared explorationLock speedFull tech treeHidden civsTurbo modeCheats
Victory
Defeat
🇺🇸 Cumans · United States
1177
+15
🇦🇷 Burgundians · Argentina
1111
+17
🇮🇳 Bulgarians · India
1101
+18
🇬🇧 Malians · United Kingdom
1068
+19
🇲🇽 Saracens · Mexico
1203
-20
🇨🇦 Britons · Canada
1142
-17
🇧🇴 Burgundians · Bolivia
1139
-17
🇺🇸 Turks · United States
1077
-15
Theodore
11:34 Feudal Age
12:20 Double-Bit Axe
13:06 Fishing Lines
17:21 Loom
28:36 Castle Age
27:46 Gold Mining
27:51 Stone Mining
29:15 Scale Mail Armor
29:25 Forging
29:31 Pikeman
30:12 Squires
33:01 Gillnets
33:39 Bow Saw
36:32 Fletching
36:42 Padded Archer Armor
40:03 Imperial Age
38:12 Wheelbarrow
38:11 Bodkin Arrow
38:34 Chain Mail Armor
38:51 Leather Archer Armor
39:20 Ballistics
39:58 Iron Casting
40:07 Arson
41:04 Hand Cart
41:42 Conscription
42:17 Gold Shaft Mining
44:19 Elite Longbowman
46:09 Bracer
46:40 Ring Archer Armor
47:14 Blast Furnace
46:44 Plate Mail Armor
47:36 Yeomen
47:11 Halberdier
49:24 Chemistry
Boywars
0:27 Loom
13:06 Feudal Age
17:07 Castle Age
16:56 Fletching
17:49 Crossbowman
22:47 Bodkin Arrow
34:47 Imperial Age
33:37 Husbandry
33:48 Bloodlines
34:56 Fortified Wall
35:07 Ballistics
35:44 Thumb Ring
37:07 Conscription
37:32 Double-Bit Axe
39:38 Chemistry
38:49 Scale Barding Armor
39:09 Heavy Camel Rider
42:25 Arbalester
47:31 Chain Barding Armor
47:23 Forging
47:15 Light Cavalry
48:43 Hussar
El Fantasma de Pancho Villa
7:00 Loom
9:51 Feudal Age
14:05 Double-Bit Axe
15:09 Fletching
16:45 Padded Archer Armor
24:46 Horse Collar
29:46 Castle Age
28:16 Gold Mining
29:36 Wheelbarrow
30:37 Crossbowman
31:23 Thumb Ring
34:44 Imperial Age
32:52 Leather Archer Armor
33:05 Bodkin Arrow
36:38 Ring Archer Armor
36:09 Bracer
37:06 Bow Saw
39:40 Hand Cart
federx
0:28 Loom
6:47 Double-Bit Axe
12:48 Feudal Age
14:05 Bow Saw
17:41 Man-at-Arms
19:05 Fishing Lines
21:36 Castle Age
21:56 Long Swordsman
22:52 Forging
22:55 Gillnets
23:31 Arson
23:47 Squires
24:15 Scale Mail Armor
24:50 Iron Casting
26:55 Chain Mail Armor
28:18 Horse Collar
30:51 Heavy Plow
31:56 Two-Man Saw
31:46 Wheelbarrow
31:19 Scale Barding Armor
32:11 Gold Mining
32:12 Stone Mining
34:33 Chain Barding Armor
35:59 Fortified Wall
36:00 Masonry
36:07 Hand Cart
38:53 Imperial Age
36:54 Pikeman
38:22 Treadmill Crane
42:00 Imperial Age
40:50 Town Watch
41:46 Gold Shaft Mining
41:47 Stone Shaft Mining
42:07 Halberdier
43:20 Plate Mail Armor
43:51 Blast Furnace
44:37 Architecture
45:47 Plate Barding Armor
45:36 Conscription
46:01 Murder Holes
46:16 Husbandry
45:37 Cavalier
45:39 Light Cavalry
49:45 Chemistry
Infekma
8:40 Loom
12:32 Feudal Age
17:02 Castle Age
15:01 Double-Bit Axe
14:58 Horse Collar
17:20 Wheelbarrow
19:14 Hand Cart
20:03 Bow Saw
23:26 Heavy Plow
29:09 Imperial Age
26:26 Town Watch
29:15 Forging
29:28 Scale Barding Armor
29:36 Bloodlines
29:28 Husbandry
29:59 Cavalier
30:03 Heavy Camel Rider
31:39 Conscription
33:26 Chemistry
35:59 Fortified Wall
38:52 Onager
39:32 Fletching
40:20 Iron Casting
40:07 Chain Barding Armor
43:57 Scale Mail Armor
44:40 Man-at-Arms
45:56 Long Swordsman
47:02 Two-Handed Swordsman
47:42 Champion
49:26 Chain Mail Armor
JoniAoE
2:57 Loom
11:03 Feudal Age
15:43 Castle Age
14:12 Double-Bit Axe
14:36 Horse Collar
15:41 Bow Saw
18:08 Heavy Plow
19:18 Wheelbarrow
18:35 Fishing Lines
20:38 Gold Mining
26:02 Stone Mining
26:06 Town Watch
28:34 Gold Shaft Mining
30:57 Imperial Age
29:08 Cavalier
29:56 Scale Barding Armor
31:03 Chain Barding Armor
31:53 Hand Cart
31:21 Paladin
33:27 Forging
34:06 Crop Rotation
34:20 Conscription
34:10 Husbandry
35:20 Chemistry
34:40 Ballistics
35:14 Plate Barding Armor
36:51 Ballistics
37:36 Iron Casting
37:46 Fletching
39:05 Blast Furnace
38:35 Fortified Wall
39:45 Two-Man Saw
39:25 Bodkin Arrow
40:17 Murder Holes
40:13 Treadmill Crane
40:36 Town Patrol
40:39 Bracer
41:28 Padded Archer Armor
42:56 Leather Archer Armor
44:32 Stone Shaft Mining
45:45 Masonry
49:04 Architecture
49:00 Bombard Tower
dipsh*t
10:17 Feudal Age
13:52 Arson
20:19 Double-Bit Axe
20:16 Horse Collar
24:49 Castle Age
23:03 Loom
24:32 Scale Barding Armor
24:37 Forging
24:50 Bloodlines
25:43 Husbandry
30:59 Gold Mining
35:36 Iron Casting
35:21 Chain Barding Armor
35:35 Chain Barding Armor
39:18 Scale Mail Armor
50:59 Imperial Age
48:37 Light Cavalry
8
0:38 Loom
11:35 Feudal Age
12:11 Double-Bit Axe
19:57 Fletching
24:37 Castle Age
23:49 Padded Archer Armor
48:22 Elite Skirmisher
Connection lost

Rejoining the realm…

Still unreachable

The connection could not be restored.

Session expired

The server has moved on; the page needs a fresh start.